 Dungeon Crawl Stone Soup version 0.22-a0-515-g75794bf (webtiles) character file.

46 inc the Skirmisher (level 3, 0/29 HPs)
             Began as a Demonspawn Monk on June 19, 2018.
             Slain by a gnoll
             ... wielding a +0 spear
              (1 damage)
             ... on level 1 of the Dungeon.
             The game lasted 00:01:06 (1301 turns).

inc the Skirmisher (Demonspawn Monk)                Turns: 1301, Time: 00:01:08

Health: 0/29       AC:  5    Str: 11    XL:     3   Next: 46%
Magic:  3/3        EV: 11    Int: 12    God:
Gold:   55         SH:  0    Dex: 15    Spells: 2/2 levels left

rFire    . . .     SeeInvis .   a - +0 hand axe
rCold    . . .     Gourm    .   (no shield)
rNeg     . . .     Faith    .   i - +0 ring mail
rPois    .         Spirit   .   (helmet restricted)
rElec    .         Reflect  .   (no cloak)
rCorr    .         Harm     .   (no gloves)
MR       .....                  (no boots)
Stlth    +.........             (no amulet)
HPRegen  0.09/turn              (no ring)
MPRegen  0.08/turn              (no ring)

@: no status effects
A: antennae 1
a: no special abilities


You were on level 1 of the Dungeon.
You were very hungry.

You visited 1 branch of the dungeon, and saw 2 of its levels.

You collected 55 gold pieces.

Inventory:

Hand Weapons
 a - a +0 hand axe (weapon)
Armour
 b - a +0 robe
 i - a +0 ring mail (worn)
Jewellery
 d - a +1 ring of protection {unknown}
Scrolls
 f - 2 scrolls of identify {unknown}
 g - a scroll of amnesia {unknown}
 k - 2 scrolls of remove curse {unknown}
Potions
 e - a potion of invisibility {unknown}
 h - 2 potions of heal wounds {unknown}
 j - 3 potions of curing {unknown}
 l - a potion of magic {unknown}
Comestibles
 c - a ration


   Skills:
 - Level 3.6 Fighting
 + Level 3.6 Axes
 - Level 2.6 Dodging
 - Level 1.7 Stealth


You had 2 spell levels left.
You didn't know any spells.
Your spell library was empty.

Dungeon Overview and Level Annotations

Branches:
Dungeon (2/15)

Altars:


Innate Abilities, Weirdness & Mutations

You have a pair of small antennae on your head.


Message History

The gnoll is heavily wounded.
You closely miss the hobgoblin. The gnoll closely misses you.
The hobgoblin hits you with a club. The gnoll hits you with a club.
You barely miss the gnoll.
The gnoll is heavily wounded.
You hit the hobgoblin. The gnoll hits you but does no damage.
The hobgoblin barely misses you. The gnoll hits you with a club.
* * * LOW HITPOINT WARNING * * *
You hit the gnoll.
The gnoll is almost dead.
You hit the hobgoblin. The gnoll closely misses you.
The hobgoblin hits you with a club.
* * * LOW HITPOINT WARNING * * *
The gnoll closely misses you. The gnoll hits you but does no damage.
You hit the gnoll.
You kill the gnoll!
You barely miss the hobgoblin.
The hobgoblin hits you but does no damage.
The gnoll hits you from afar with a spear.
You die...

### #.########
#.........
#.######## #.# #
#.# # #.# #
#########.########
#@)g.............)
#g################
#g##....# ##..[..
#.##.##.# #...###
#.##.##.# #...# #
#.#####'## #...###
###'####...#
#......
#..........#
#....##
#..........#
#....##


You could see 2 gnolls and a hobgoblin.

Vanquished Creatures
  2 gnolls (D:1)
  2 giant cockroaches (D:1)
  A goblin (D:1)
  5 hobgoblins (D:1)
  A ball python (D:1)
  2 bats (D:1)
  A frilled lizard (D:1)
  A kobold (D:1)
  17 rats (D:1)
32 creatures vanquished.

Notes
Turn   | Place    | Note
-------+----------+-------------------------------------------
     0 | D:1      | inc the Demonspawn Monk began the quest for the Orb.
     0 | D:1      | Reached XP level 1. HP: 18/18 MP: 1/1
   212 | D:1      | Gained mutation: You have a pair of small antennae on your head. [demonic ancestry]
   212 | D:1      | Reached XP level 2. HP: 18/24 MP: 2/2
   823 | D:1      | Reached XP level 3. HP: 17/29 MP: 3/3
  1300 | D:1      | HP: 1/29 [hobgoblin/club (3)]
  1301 | D:1      | Slain by a gnoll

Vault maps used:
D:1:      erik_arrival_orb_chamber, nrook_loot_triangle, minmay_tiny_reverse_x
D:2:      first_ration

Skill      XL: |  1  2 |
---------------+-------+-----
Axes           | 3 |  3.6
Fighting       | |  3.6
Dodging        | |  2.6
Stealth        | |  1.7

Action                   || total
-------------------------++-------
Melee: Hand axe          ||   110
 Stab: Sleeping          ||     1
Armor: Robe              ||     5
       Ring mail         ||    17
Dodge: Dodged            ||    81

Table legend:
 A = Spawn XP
 B = Non-spawn XP
 C = Spawn XP percentage of total XP
 D = Spawn monster count
 E = Non-spawn monster count
 F = Spawn count percentage of total count
 G = Total turns spent on level
                    A         B        C        D         E        F      G
               +---------+---------+-------+---------+---------+-------+---------
         Total |       0 |      67 |   0.0 |       0 |      32 |   0.0 |  1301
               +---------+---------+-------+---------+---------+-------+---------
           D:1 |       0 |      67 |   0.0 |       0 |      32 |   0.0 |  1298
               +---------+---------+-------+---------+---------+-------+---------
